Map: Jagannatha LE

Players

silentstorm

  • Race: Terran Terran
  • League: Silver

Throwfordays - Winner!

  • Race: Terran Terran
  • League: Gold

VOD

Have the link to the VOD?

Description

Time

  • Played on: Aug. 27, 2021, 5:15 p.m.
  • Length: 4:49
Show
View Real Time Build Order
Export as new Build Order

silentstorm Terran 

Build Orders:  

Get SALT Encoding   

  12  0:17  Supply Depot  
  12  0:26  SCV  
  12  0:27  Supply Depot  
  13  0:39  SCV  
  14  0:49  Barracks  
  14  0:53  Refinery  
  14  0:59  SCV  
  15  1:12  SCV  
  16  1:24  SCV  
  17  1:25  Refinery  
  17  1:48  Orbital Command  
  17  1:50  Barracks Tech Lab  
  17  2:10  Factory  
  17  2:14  SCV  
  18  2:20  Marauder  
  20  2:26  SCV  
  21  2:32  Engineering Bay  
  20  2:41  Marauder  
  21  2:55  Concussive Shells  
  21  2:59  SCV  
  21  3:02  Marine  
  23  3:11  SCV  
  22  3:20  Marine  
  22  3:23  SCV  
  24  3:35  SCV  
  24  3:37  Supply Depot  
  24  3:38  Marine  
  26  3:47  SCV  
  23  3:56  Marine  
  23  4:00  SCV  
  22  4:13  Marine  
  22  4:17  Barracks  
  7  4:31  Marine  
Show
View Real Time Build Order
Export as new Build Order

Throwfordays Terran - Winner!

Build Orders:  

Get SALT Encoding   

  12  0:00  SCV  
  13  0:12  SCV  
  14  0:20  Supply Depot  
  14  0:24  SCV  
  15  0:30  Refinery  
  15  0:45  SCV, Barracks  
  16  0:55  Supply Depot  
  16  0:59  SCV  
  17  1:11  SCV  
  18  1:24  Barracks  
  18  1:31  Reaper  
  18  1:32  SCV  
  20  1:36  Refinery  
  20  1:44  SCV  
  21  1:56  Barracks  
  21  2:00  SCV  
  22  2:04  Reaper  
  23  2:12  SCV  
  23  2:13  Supply Depot  
  23  2:14  Reaper  
  25  2:40  Reaper  
  25  2:43  Reaper  
  27  2:46  Reaper  
  28  3:12  Reaper  
  28  3:15  Reaper  
  29  3:26  Reaper  
  30  3:31  Supply Depot, Barracks  
  30  3:37  SCV  
  31  3:42  Command Center  
  31  4:05  Reaper x3  
Tags
 
Matchup
TvT
Race
Terran
Replay Pack
Multiplayer
Add a new tag
Caveats
  • Supply blocks, unpowered buildings, or Contaminate may cause inaccurate times.
  • Supply counts are checked every 10 seconds.